 Dungeon Crawl Stone Soup version 0.19.5 (webtiles) character file.

37 Hybris the Ducker (level 3, -6/19 HPs)
             Began as a Spriggan Abyssal Knight on Apr 2, 2017.
             Was a Follower of Lugonu.
             Mangled by a worm (7 damage)
             ... on level 2 of the Dungeon.
             The game lasted 00:02:46 (1107 turns).

Hybris the Ducker (Spriggan Abyssal Knight)         Turns: 1107, Time: 00:02:47

Health: -6/19      AC:  2    Str:  8    XL:     3   Next: 21%
Magic:  5/5        EV: 19    Int: 13    God:    Lugonu [*.....]
Gold:   54         SH:  0    Dex: 16    Spells: 0 memorised, 2 levels left

rFire  . . .     SeeInvis +     o - -1 dagger (curse)
rCold  . . .     Gourm    .     b - +0 robe
rNeg   . . .     Faith    .     (shield restricted)
rPois  .         Spirit   .     (helmet restricted)
rElec  .         Reflect  .     (no cloak)
rCorr  .         Harm     .     (gloves unavailable)
MR     .....                    (boots unavailable)
Stlth  +.........               (no amulet)
                                (no ring)
                                (no ring)

@: very quick
A: unfitting armour, see invisible, herbivore 3, speed 3, slow metabolism 2
a: Depart the Abyss, Renounce Religion


You were on level 2 of the Dungeon.
You worshipped Lugonu.
Lugonu was aware of your devotion.
You were not hungry.

You visited 1 branch of the dungeon, and saw 2 of its levels.
You visited the Abyss 1 time.

You collected 54 gold pieces.

Inventory:

Hand Weapons
 a - a +1 short sword
 o - a cursed -1 dagger (weapon)
Armour
 b - a +0 robe (worn)
Jewellery
 j - a cursed ring of loudness {unknown}
 l - a cursed amulet of inaccuracy
Scrolls
 e - a scroll of identify
Potions
 h - a potion of resistance {unknown}
Comestibles
 c - 2 bread rations
 d - a slice of pizza


   Skills:
 - Level 2.4 Fighting
 * Level 3.5 Short Blades
 - Level 3.5 Dodging
 + Level 2.5 Stealth
 - Level 1.7 Invocations


You had 2 spell levels left.
You didn't know any spells.

Dungeon Overview and Level Annotations

Branches:
Dungeon (2/15)

Altars:

Annotations:
D:2 Terence


Innate Abilities, Weirdness & Mutations

You are very small and have problems with some larger weapons.
You are too small for most types of armour.
You have supernaturally acute eyesight. (SInv)
You are a herbivore.
You cover ground extremely quickly.
You need consume almost no food.


Message History

Terence splashes around in the water.
The worm bites you but does no damage.
You hit the worm but do no damage.
The worm is lightly wounded.
Terence says, "You're history."
Terence splashes around in the water.
You barely miss the worm.
The worm is lightly wounded.
The worm splashes around in the water.
Your unstable footing causes you to fumble your attack.
Terence hits the plant with a mace.
Your unstable footing causes you to fumble your attack.
Terence says, "Did you write a will?
You should..."
Terence hits the plant but does no damage.
The worm splashes around in the water.
You hit the worm.
The worm is lightly wounded.
Your unstable footing causes you to fumble your attack.
Terence hits the plant but does no damage.
The worm bites you!
You die...

≈≈≈≈≈≈≈≈≈≈≈≈♣≈P
≈≈≈≈≈≈≈≈≈≈P P≈≈
≈≈≈≈≈≈≈≈≈≈≈≈≈P♣
≈≈≈≈≈≈≈≈≈≈≈≈≈≈
≈≈≈≈≈≈≈≈≈♣P≈♣≈P .P♣
≈P ≈≈≈≈≈≈≈≈≈≈Pg≈P≈
%.. ♣≈♣≈ ♣≈P≈≈≈P≈≈♣
.....♣≈≈ ♣♣w♣♣♣
#.#...#.#♣♣♣♣♣@P@≈#
..............#####
#.#.# #######.#
...##.# #†# ......#
#.# #.####### #.#
#..@%...# #.#
#######.# #.#
#.#####.#


You could see Terence and a worm.

Vanquished Creatures
  An adder (D:2)
  2 dart slugs (D:1)
  2 leopard geckos (D:1)
  3 goblins (D:1)
  4 hobgoblins (D:1)
  2 bats (D:1)
  2 frilled lizards
  5 kobolds
  2 rats
23 creatures vanquished.

Notes
Turn   | Place    | Note
-------+----------+-------------------------------------------
     0 | Abyss:1  | Hybris the Spriggan Abyssal Knight began the quest for the Orb.
     0 | Abyss:1  | Reached XP level 1. HP: 11/11 MP: 3/3
    50 | Abyss:1  | Noticed a neqoxec
    53 | D:1      | Escaped the Abyss
   103 | D:1      | Reached skill level 1 in Stealth
   112 | D:1      | Reached * piety under Lugonu
   242 | D:1      | Reached XP level 2. HP: 16/16 MP: 4/4
   987 | D:2      | Reached XP level 3. HP: 19/19 MP: 5/5
  1008 | D:2      | Noticed Terence
  1107 | D:2      | Mangled by a worm

Skill      XL: |  1  2 |
---------------+-------+-----
Stealth        | 1 2 |  2.5
Short Blades   | 3 |  3.5
Fighting       | |  2.4
Dodging        | |  3.5
Invocations    | |  1.7

Action                   || total
-------------------------++-------
Melee: Short sword       ||    49
       Dagger            ||    31
Invok: Depart the Abyss  ||     1
  Use: Scroll            ||     8
       Potion            ||     1
 Stab: Sleeping          ||     6
Armor: Robe              ||     3
Dodge: Dodged            ||    43
